 Dungeon Sprint DCSS version 0.27-a0-1256-gced786f65e (webtiles) character file.

Game seed: 7831835375126894834

200 rocky1 the Blocker (level 5, -11/45 HPs)
             Began as a Minotaur Fighter on June 11, 2021.
             Mangled by a shadow (17 damage)
             ... in the Dungeon (Sprint III: "The Ten Rune Challenge").
             The game lasted 00:02:27 (666 turns).

rocky1 the Blocker (Minotaur Fighter)                Turns: 666, Time: 00:02:27

Health: -11/45     AC:  6    Str: 22    XL:     5   Next: 49%
Magic:  4/4        EV:  8    Int:  5    God:
Gold:   21         SH: 12    Dex:  9    Spells: 4/4 levels left

rFire    . . .     SeeInvis .   a - +0 long sword
rCold    . . .     Faith    .   c - +0 kite shield
rNeg     . . .     Spirit   .   b - +0 scale mail
rPois    .         Reflect  .   (helmet restricted)
rElec    .         Harm     .   (no cloak)
rCorr    .         Rampage  .   (no gloves)
Will     .....     NoTele   +   (no boots)
Stlth    ..........             (no amulet)
HPRegen  0.15/turn              (no ring)
MPRegen  0.09/turn              (no ring)

@: no status effects
A: horns 2, retaliatory headbutt
a: no special abilities


You were in the Dungeon.
You visited 1 branch You collected 21 gold pieces.

Inventory:

Hand Weapons
 a - a +0 long sword (weapon)
Armour
 b - a +0 scale mail (worn)
 c - a +0 kite shield (worn)
Scrolls
 j - a scroll of blinking
 k - a scroll of fear
 m - 2 scrolls of holy word
Potions
 d - a potion of might
 e - 2 potions of curing
 f - 2 potions of heal wounds
 g - a potion of haste
 h - 2 potions of magic
 l - 2 potions of mutation
 o - 3 potions of flight


   Skills:
 - Level 3.6 Fighting
 + Level 10.0 Long Blades
 - Level 3.6 Armour
 + Level 10.3 Shields


You had 4 spell levels left.
You didn't know any spells.
Your spell library was empty.

Dungeon Overview and Level Annotations

Branches:
Dungeon (1/1)

Altars:


Innate Abilities, Weirdness & Mutations

You have a pair of horns on your head.
You reflexively headbutt those who attack you in melee.


Message History

You block the shadow's attack.
You hit the shadow.
The shadow is moderately damaged.
The shadow slips into darkness.
The shadow flickers and vanishes!
Deactivating autopickup; reactivate with Ctrl-A.
You closely miss something.
The shadow strikes at you from the darkness!
Reactivating autopickup.
You closely miss the shadow.
You headbutt the shadow, but do no damage.
The shadow is moderately damaged.
The shadow barely misses you. You furiously retaliate!
You headbutt the shadow. You closely miss the shadow.
Your headbutt misses the shadow.
The shadow is moderately damaged.
The shadow slips into darkness.
The shadow flickers and vanishes!
Deactivating autopickup; reactivate with Ctrl-A.
You miss something.
The shadow strikes at you from the darkness!
* * * LOW HITPOINT WARNING * * *
Reactivating autopickup.
You hit the shadow but do no damage. Your headbutt misses the shadow.
The shadow is moderately damaged.
You block the shadow's attack.
You hit the shadow but do no damage. Your headbutt misses the shadow.
The shadow is moderately damaged.
The shadow hits you!
* * * LOW HITPOINT WARNING * * *
You barely miss the shadow. Your headbutt misses the shadow.
The shadow is moderately damaged.
The shadow closely misses you.
You barely miss the shadow.
The shadow is moderately damaged.
The shadow slips into darkness.
The shadow flickers and vanishes!
Deactivating autopickup; reactivate with Ctrl-A.
You barely miss something. You headbutt something.
The shadow strikes at you from the darkness!
You die...

▓▓▓ ##.# ####..#
#..#..#
#..#..###+#+###+##
##'#..#..........#
###...'.⌠.......@#
###...#...######{#
##....#.⌠.# #...#
#.....#...# #...#
......#+### #...#
#.....# #...+
##....# +...#
▓▓▓▓▓▓ ▓▓▓▓▓


There were no monsters in sight!

Vanquished Creatures
  A water elemental (D)
  A scorpion (D)
  A jelly (D)
  Jessica (D)
  A human (D)
  An endoplasm (D)
  2 rats (D)
8 creatures vanquished.

Notes
Turn   | Place    | Note
-------+----------+-------------------------------------------
     0 | D        | rocky1 the Minotaur Fighter began the quest for the Orb.
     0 | D        | Reached XP level 1. HP: 19/19 MP: 0/0
    35 | D        | Noticed Jessica
    44 | D        | Killed Jessica
    45 | D        | Reached skill level 5 in Long Blades
    45 | D        | Reached XP level 2. HP: 8/26 MP: 1/1
    45 | D        | Reached XP level 3. HP: 9/31 MP: 2/2
   432 | D        | Noticed a scorpion
   439 | D        | Killed a scorpion
   440 | D        | Reached XP level 4. HP: 27/39 MP: 3/3
   551 | D        | Noticed a water elemental
   559 | D        | Killed a water elemental
   560 | D        | Reached XP level 5. HP: 45/45 MP: 4/4
   620 | D        | Reached skill level 10 in Long Blades
   620 | D        | Reached skill level 10 in Shields
   650 | D        | Noticed a shadow
   666 | D        | Mangled by a shadow

Illustrated notes

Levels and vault maps discovered:
D:        dungeon_sprint_mu [sprint_mu_entry_cave, sprint_mu_temple_rooms,
          sprint_mu_d1_horrors, sprint_mu_d2_genie, sprint_mu_d3_branching,
          sprint_mu_orc_legion, sprint_mu_elf_gauntlet, sprint_mu_hive_nellie,
          sprint_mu_lair_fedhas, sprint_mu_vaults_butterflies,
          sprint_mu_slime_circle, sprint_mu_shoals_kraken,
          sprint_mu_snake_twists, sprint_mu_blade_basic,
          sprint_mu_crypt_fortress, sprint_mu_tomb_spiral,
          sprint_mu_vestibule_basic, sprint_mu_gehenna_hellfire,
          sprint_mu_dis_giant, sprint_mu_tartarus_statrot,
          sprint_mu_cocytus_islands, sprint_mu_zot1]

Skill      XL: |  1  2  3  4  5 |
---------------+----------------+-----
Long Blades    | 5 8 9 10 | 10.0
Shields        | 6 8 9 10 | 10.3
Fighting       | |  3.6
Armour         | |  3.6

Action                   |  1- 3 |  4- 6 || total
-------------------------+-------+-------++-------
Melee: Long sword        |    26 |    24 ||    50
       Headbutt          |     2 |     3 ||     5
  Use: Scroll            |       |     3 ||     3
       Potion            |       |     1 ||     1
Armor: Scale mail        |     4 |     1 ||     5
Dodge: Dodged            |     7 |     3 ||    10
Block: Kite shield       |    11 |     8 ||    19
       Rpst.: Long sword |     2 |       ||     2

Table legend: (Time is in decaauts)
 A = Elapsed time spent in this place.
 B = Non-inter-level travel time spent in this place.
 C = Inter-level travel time spent in this place.
 D = Time resting spent in this place.
 E = Time spent auto-exploring this place.
 F = Levels seen in this place.
 G = Mean time per level.
                   A        B        C        D        E       F      G
               +--------+--------+--------+--------+--------+-----+--------+
         Total |    690 |    690 |      0 |    502 |      0 |   1 |  690.0 |
       Dungeon |    690 |    690 |      0 |    502 |      0 |   1 |  690.0 |
               +--------+--------+--------+--------+--------+-----+--------+

Top non-repeatable levels by time:
       D: 690 daAuts
